 Dungeon Crawl Stone Soup version 0.21.0-3-g78d12a8 (webtiles) character file.

198 Inarius the Chiller (level 5, -3/39 HPs)
             Began as a Draconian Ice Elementalist on Jan 11, 2018.
             Killed from afar by Sigmund (6 damage)
             ... with a puff of flame
             ... on level 3 of the Dungeon.
             The game lasted 00:08:21 (3430 turns).

Inarius the Chiller (Draconian Ice Elementalist)    Turns: 3430, Time: 00:08:21

Health: -3/39      AC:  5    Str: 10    XL:     5   Next: 47%
Magic:  18/18      EV: 12    Int: 16    God:
Gold:   122        SH:  0    Dex: 12    Spells: 2/10 levels left

rFire    . . .     SeeInvis .   p - +0 short sword (drain)
rCold    . . .     Gourm    .   (no shield)
rNeg     . . .     Faith    .   (armour unavailable)
rPois    .         Spirit   .   (helmet restricted)
rElec    .         Reflect  .   (no cloak)
rCorr    .         Harm     .   (no gloves)
MR       .....                  (no boots)
Stlth    ++........             (no amulet)
HPRegen  0.13/turn              g - ring of magical power
MPRegen  0.16/turn              (no ring)

@: drained
A: unfitting armour, cold-blooded, AC +5
a: no special abilities


You were on level 3 of the Dungeon.
You were not hungry.

You visited 1 branch of the dungeon, and saw 3 of its levels.

You collected 122 gold pieces.

Inventory:

Hand Weapons
 n - a +1 dagger of venom
 p - a +0 short sword of draining (weapon)
Jewellery
 g - a ring of magical power (left hand)
Wands
 e - a wand of iceblast (14)
 l - a wand of random effects (17)
Scrolls
 d - a scroll of noise {unknown}
 f - 2 scrolls of fear {unknown}
 h - 2 scrolls of identify {unknown}
 i - 2 scrolls of remove curse
 k - 2 scrolls of teleportation {unknown}
 m - a scroll of fog {unknown}
 q - a scroll of enchant weapon {unknown}
Potions
 c - a potion of brilliance {unknown}
 j - a potion of agility {unknown}
 o - a potion of lignification {unknown}
 s - a potion of flight {unknown}
Books
 a - a book of Frost

   Spells                             Type                      Level
   a - Freeze                         Ice                          1
   b - Throw Frost                    Conjuration/Ice              2
   c - Ozocubu's Armour               Charms/Ice                   3
   d - Throw Icicle                   Conjuration/Ice              4
   e - Summon Ice Beast               Ice/Summoning                4
Comestibles
 b - 6 rations


   Skills:
 + Level 0.3 Fighting
 + Level 2.3 Dodging
 - Level 1.7 Stealth
 + Level 3.2(3.1) Spellcasting
 * Level 2.2 Conjurations
 + Level 1.2 Charms
 * Level 4.4 Ice Magic


You had 2 spell levels left.
You knew the following spells:

 Your Spells              Type           Power        Failure   Level  Hunger
a - Freeze                Ice            ###.         3%          1    None
b - Ozocubu's Armour      Chrm/Ice       ##......     17%         3    ###....
c - Throw Icicle          Conj/Ice       ##......     43%         4    ####...


Dungeon Overview and Level Annotations

Branches:
Dungeon (3/15)

Altars:

Annotations:
D:3 Sigmund


Innate Abilities, Weirdness & Mutations

Your plain brown scales are hard. (AC +5)
You cannot fit into any form of body armour.
You are cold-blooded and may be slowed by cold attacks.


Message History

You miss something. Something hits you!
Casting: Freeze
Confirm with . or Enter, or press ? or * to list all spells.
You can't see any susceptible monsters within range! (Use Z to cast anyway.) Unknown command.
You hit something but do no damage. You hit something. Something hits you.
You closely miss something. Something hits you but does no damage.
You miss something. You closely miss something. Something hits you!
* * * LOW HITPOINT WARNING * * *
Okay, then.
Unknown command.
Something hits you.
* * * LOW HITPOINT WARNING * * *
You hear some strange, mumbled words.
Something tries to affect you, but you resist.
A puff of flame appears from out of thin air!
The puff of flame hits you!
You die...

#.#######.####...###.#...##
#.........# #...# #.#.....
#.........# #...###.#......
##.........####..............
#............{.g.............
#...####.#.##########.##.#...
#..............<#.# #.# .# ..
#.#%###....######.###g##.##
#......).......@..........#
#.#.####.#.######.###.##.##
#.#.####.#.##.....# #.# #
#.#.##.....##.###.# #..
#.#.######.##.###.# #.##
#.#.######.....##.# #.#
#.#.#..).......##.# #.#
#.#............##.# #.#
#.###.########.##.#


You could see a goblin.

Vanquished Creatures
  Jessica (D:2)
  Robin (D:2)
  3 gnolls
  7 adders
  An ooze (D:1)
  4 worms (D:2)
  A dart slug (D:1)
  6 bats
  2 giant cockroaches
  9 hobgoblins
  2 frilled lizards
  13 goblins
  7 kobolds
  4 rats
61 creatures vanquished.

Notes
Turn   | Place    | Note
-------+----------+-------------------------------------------
     0 | D:1      | Inarius the Draconian Ice Elementalist began the quest for the Orb.
     0 | D:1      | Reached XP level 1. HP: 14/14 MP: 3/3
   183 | D:1      | Reached XP level 2. HP: 17/20 MP: 3/5
  1044 | D:1      | Reached XP level 3. HP: 19/26 MP: 6/6
  1049 | D:1      | Learned a level 3 spell: Ozocubu's Armour
  1551 | D:2      | Noticed Jessica
  1563 | D:2      | Killed Jessica
  1563 | D:2      | Reached skill level 4 in Ice Magic
  1563 | D:2      | Reached XP level 4. HP: 11/33 MP: 8/8
  1724 | D:2      | Reached skill level 1 in Charms
  1841 | D:2      | Learned a level 4 spell: Throw Icicle
  2160 | D:2      | Noticed Robin
  2215 | D:2      | Killed Robin
  2218 | D:2      | Reached XP level 5. HP: 26/38 MP: 8/9
  2882 | D:3      | Noticed Sigmund
  3430 | D:3      | Killed from afar by Sigmund

Skill      XL: |  1  2  3  4  5 |
---------------+----------------+-----
Dodging        | 2 |  2.3
Ice Magic      | 4 |  4.4
Charms         | 1 |  1.2
Spellcasting   | 3 |  3.2
Conjurations   | 2 |  2.2
Fighting       | |  0.3
Stealth        | |  1.7

Action                   |  1- 3 |  4- 6 || total
-------------------------+-------+-------++-------
Melee: Unarmed           |     3 |       ||     3
       Tailslap          |     3 |     2 ||     5
       Short sword       |    12 |    61 ||    73
 Cast: Freeze            |    42 |    51 ||    93
       Ozocubu's Armour  |       |     1 ||     1
  Use: Scroll            |       |     1 ||     1
 Stab: Sleeping          |       |     3 ||     3
  Eat: Chunk             |     2 |     4 ||     6
       Ration            |       |     1 ||     1
Armor: Skin              |    19 |    26 ||    45
Dodge: Dodged            |    38 |    51 ||    89
